 Dungeon Crawl Stone Soup version 0.29.1-15-g9cfb28693d (webtiles) character file.

Game seed: 948735162646276165

378 ThatPearl the Insei (level 6, -7/50 HPs)
             Began as a Demigod Transmuter on Mar 12, 2023.
             Mangled by an iguana (13 damage)
             ... on level 4 of the Dungeon.
             The game lasted 00:07:54 (3803 turns).

ThatPearl the Insei (Demigod Transmuter)            Turns: 3803, Time: 00:07:55

Health: -7/50      AC:  2    Str: 11    XL:     6   Next: 20%
Magic:  12/13      EV: 13    Int: 23    God:
Gold:   145        SH:  0    Dex: 14    Spells: 4/10 levels left

rFire   . . .      SeeInvis .     - Unarmed
rCold   . . .      Faith    .   (no shield)
rNeg    . . .      Spirit   .   a - +0 robe
rPois   .          Reflect  .   (helmet currently unavailable)
rElec   .          Harm     .   (no cloak)
rCorr   .          Rampage  .   (no gloves)
Will    .....                   (boots currently unavailable)
Stlth   +.........              (no amulet)
HPRegen 0.16/turn               (no ring)
MPRegen 0.13/turn               (no ring)

@: appendages
A: horns 2, talons 2, high MP 1, forlorn, divine attributes
a: End Transformation


You were on level 4 of the Dungeon.
You had temporarily grown beastly horns and talons.
You visited 1 branch of the dungeon, and saw 4 of its levels.

You collected 145 gold pieces.

Inventory:

Hand Weapons
 t - a +0 shortbow
Missiles
 e - 4 javelins
 r - 4 atropa-tipped darts
Armour
 a - a +0 robe (worn)
 c - a +0 pair of boots (melded)
Scrolls
 i - 2 scrolls of enchant armour {unknown}
 j - a scroll of fog {unknown}
 k - a scroll of magic mapping {unknown}
 l - 2 scrolls of vulnerability {unknown}
 m - a scroll of blinking {unknown}
 o - 2 scrolls of identify {unknown}
 p - 2 scrolls of teleportation {unknown}
 q - a scroll of summoning {unknown}
Potions
 b - a potion of lignification
 d - a potion of haste {unknown}
 f - a potion of brilliance {unknown}
 g - a potion of degeneration {unknown}
 h - a potion of resistance {unknown}
 n - 2 potions of attraction {unknown}
 s - a potion of flight {unknown}
 u - a potion of curing {unknown}
 v - a potion of heal wounds {unknown}


   Skills:
 + Level 2.6 Fighting
 + Level 3.1 Dodging
 + Level 3.8 Unarmed Combat
 + Level 2.9 Spellcasting
 + Level 3.2 Transmutations


You had 4 spell levels left.
You knew the following spells:

 Your Spells              Type           Power      Damage    Failure   Level
a - Beastly Appendage     Tmut           36%        N/A       3%          1
s - Spider Form           Tmut/Pois      10%        N/A       19%         3
w - Wereblood             Tmut           18%        N/A       4%          2

Your spell library contained the following spells:

 Spells                   Type           Power      Damage    Failure   Level
 Ice Form                 Ice/Tmut       10%        N/A       52%         4
 Dispersal                Tloc           1%         N/A       100%        6
 Disjunction              Tloc           1%         N/A       100%        8


Dungeon Overview and Level Annotations

Branches:
Dungeon (4/15)
 Temple: D:4-7

Shops:
D:4 [

Annotations:
D:4 3 runed translucent doors, Gelion's ghost, amateur DsCj


Innate Abilities, Weirdness & Mutations

You have temporarily grown beastly horns and talons.
You have an increased reservoir of magic. (+10% MP)
You shall have no god before yourself.
Your divine heritage dramatically boosts your attributes as you level up.


Message History

Your headbutt misses the hobgoblin.
The hobgoblin is severely wounded.
The hobgoblin hits you.
You hit the hobgoblin.
The hobgoblin is almost dead.
The hobgoblin closely misses you. The orc hits you with a +0 short sword.
You closely miss the hobgoblin. You headbutt the hobgoblin.
You kill the hobgoblin!
You hit the orc. You claw the orc.
You kill the orc!
Things that are here:
a +0 short sword; 22 gold pieces; an orc corpse
Found 5 stones.
An iguana comes into view.
The orc closely misses you.
You barely miss the orc. The orc misses you. x2
You hit the orc. You claw the orc.
You kill the orc!
The orc hits you with a +0 mace!
You closely miss the orc. You headbutt the orc.
You kill the orc!
You see here a +1 war axe of electrocution.
Casting: Beastly Appendage (safe; 3% risk of failure)
Press: ? - help, Q - select action, (/) - cycle Dir - look around, f - activate You extend your transformation's duration.
The iguana bites you!
You hit the iguana. You claw the iguana! Your headbutt misses the iguana.
The iguana is severely wounded.
The iguana completely misses you.
You completely miss the iguana. You claw the iguana.
The iguana is severely wounded.
The iguana bites you!
* * * LOW HITPOINT WARNING * * *
You closely miss the iguana. You claw the iguana, but do no damage.
The iguana is severely wounded.
The iguana misses you.
You barely miss the iguana. Your kick misses the iguana.
The iguana is severely wounded.
The iguana bites you!
You die...

o................#.....
..#.....<..###.........
#.......##...........
.........##...........
.......................
..........#.............
.o...#..................
.....##..............8......
.##.. ##.[l@>...............
#.#..................
#......).............
#......)....##.......
#............#......#
#.........).##.....##
#........#..#.....##.
#........(##.†...#..#.
................##....


You could see an iguana.

Vanquished Creatures
  Sigmund (D:4)
  A scorpion (D:4)
  Jessica (D:3)
  4 adders
  A worm (D:2)
  3 orcs (D:4)
  8 ball pythons
  5 endoplasms
  9 giant cockroaches
  5 goblins
  7 hobgoblins
  2 jackals (D:2)
  4 kobolds (D:1)
  4 quokkas
  3 bats
  5 frilled lizards
  12 rats
75 creatures vanquished.

Notes
Turn   | Place    | Note
-------+----------+-------------------------------------------
     0 | D:1      | ThatPearl the Demigod Transmuter began the quest for the
                  | Orb.
     0 | D:1      | Reached XP level 1. HP: 15/15 MP: 5/5
    28 | D:1      | Reached skill level 1 in Fighting
   352 | D:1      | Reached XP level 2. HP: 17/23 MP: 5/7
   448 | D:1      | Learned a level 2 spell: Wereblood
   946 | D:1      | Reached XP level 3. HP: 25/28 MP: 6/8
   999 | D:1      | Learned a level 3 spell: Spider Form
  1315 | D:2      | HP: 1/28 [rat (3)]
  2376 | D:3      | Noticed Jessica
  2383 | D:3      | Killed Jessica
  2384 | D:3      | Reached XP level 4. HP: 36/36 MP: 7/10
  3138 | D:4      | Reached XP level 5. HP: 9/41 MP: 11/11
  3424 | D:4      | Noticed Gelion's ghost (amateur DsCj)
  3424 | D:4      | Found a runed translucent gate.
  3424 | D:4      | Found a runed translucent gate.
  3424 | D:4      | Found a runed translucent gate.
  3454 | D:4      | Found Dakhlyibi's Antique Armour Shop.
  3455 | D:4      | Noticed Sigmund
  3467 | D:4      | HP: 2/41 [Sigmund/+0 scythe (10)]
  3468 | D:4      | Killed Sigmund
  3469 | D:4      | Reached XP level 6. HP: 3/50 MP: 11/13
  3803 | D:4      | Mangled by an iguana

Illustrated notes

Levels and vault maps discovered:
D:1:      heliophobic_arrival_enchanted_forest, layout_basic, minmay_vboxes
D:2:      layout_basic
D:3:      layout_basic, amcnicky_mini_corridor_feature, uniq_jessica
D:4:      minmay_polygon_palace, layout_cave_pools, serial_column_ruins,
          column_ruins_hut, column_ruins_grid_3, column_ruins_open_medium,
          column_ruins_corridor_dead_end, column_ruins_grid_1,
          column_ruins_open_small, column_ruins_open_small,
          gammafunk_ghost_nasty_kobolds, serial_shops, nicolae_shop_stone,
          dreamdust_wishing_well, nicolae_wormholes, uniq_sigmund

Skill      XL: |  1  2  3  4  5 |
---------------+----------------+-----
Fighting       | 1 2 |  2.6
Dodging        | 2 3 |  3.1
Transmutations | 2 3 |  3.2
Spellcasting   | 2 |  2.9
Unarmed Combat | 3 |  3.8

Action                   |  1- 3 |  4- 6 || total
-------------------------+-------+-------++-------
Melee: Unarmed           |   159 |    69 ||   228
       Kick              |    37 |    22 ||    59
       Headbutt          |    12 |    16 ||    28
       Punch             |     1 |     1 ||     2
 Cast: Beastly Appendage |    35 |    10 ||    45
       Wereblood         |     2 |       ||     2
 Stab: Sleeping          |     3 |       ||     3
Armor: Robe              |    28 |    14 ||    42
Dodge: Dodged            |    95 |    35 ||   130
